 Dungeon Crawl Stone Soup version 0.26.1-11-gd32895ea62 (webtiles) character file.

Game seed: 12076376560204287099

33 Zeld the Digger (level 3, 0/20 HPs)
             Began as a Gargoyle Earth Elementalist on June 15, 2021.
             Slain by an orc
             ... wielding a +0 flail
              (1 damage)
             ... on level 2 of the Dungeon.
             The game lasted 00:01:32 (1340 turns).

Zeld the Digger (Gargoyle Earth Elementalist)       Turns: 1340, Time: 00:01:32

Health: 0/20       AC:  5    Str: 11    XL:     3   Next: 29%
Magic:  0/6        EV: 12    Int: 16    God:
Gold:   82         SH:  0    Dex: 10    Spells: 0/6 levels left

rFire    . . .     SeeInvis .   (no weapon)
rCold    . . .     Faith    .   (no shield)
rNeg     + . .     Spirit   .   c - +0 robe
rPois    ∞         Reflect  .   (no helmet)
rElec    +         Harm     .   (no cloak)
rCorr    .         Rampage  .   (no gloves)
Will     .....                  (no boots)
Stlth    ++........             (no amulet)
HPRegen  0.06/turn              (no ring)
MPRegen  0.10/turn              (no ring)

@: no status effects
A: negative energy resistance 1, electricity resistance, unbreathing,
petrification resistance, miasma immunity, AC +3
a: no special abilities


You were on level 2 of the Dungeon.
You visited 1 branch of the dungeon, and saw 2 of its levels.

You collected 82 gold pieces.

Inventory:

Missiles
 b - 12 stones (quivered)
Armour
 c - a +0 robe (worn)
Scrolls
 a - 2 scrolls of remove curse {unknown}
 d - a scroll of identify {unknown}
 e - 2 scrolls of teleportation {unknown}
 g - a scroll of fear {unknown}
 h - a scroll of magic mapping {unknown}
 k - 2 scrolls of enchant weapon {unknown}
Potions
 f - a potion of degeneration {unknown}
 i - a potion of mutation {unknown}
 j - a potion of invisibility {unknown}
 l - a potion of attraction {unknown}
 m - a potion of curing {unknown}


   Skills:
 + Level 0.5 Fighting
 + Level 1.7 Dodging
 + Level 2.6 Stealth
 * Level 2.3 Spellcasting
 + Level 0.2 Conjurations
 - Level 1.0 Transmutations
 * Level 4.1 Earth Magic


You couldn't memorise any spells.
You knew the following spells:

 Your Spells              Type           Power        Failure   Level
a - Sandblast             Erth           30%          3%          1
b - Passwall              Tmut/Erth      8%           11%         2
c - Stone Arrow           Conj/Erth      16%          24%         3

Your spell library contained the following spells:

 Spells                   Type           Power        Failure   Level
 Petrify                  Tmut/Erth      10%          56%         4
 Lee's Rapid Deconstruct  Erth           7%           69%         5


Dungeon Overview and Level Annotations

Branches:
Dungeon (2/15)

Altars:


Innate Abilities, Weirdness & Mutations

You are resistant to torment.
Your stone body is resilient. (AC +3)
You are immune to poison.
You resist negative energy. (rN+)
You are resistant to electric shocks. (rElec)
You can survive without breathing.
You are immune to petrification.
You are immune to miasma.


Message History

Confirm with . or Enter, or press ? or * to list all spells.
Aiming: Sandblast (safe; 3% risk of failure)
Press: ? - help, Shift-Dir - straight line, f/p - orc priest
Aim: an orc priest, wielding a +0 whip and wearing a +0 leather armour (21% to evade)
The blast of sand hits the orc priest but does no damage.
b - 13 stones The orc hits you with a +0 flail.
* * * LOW HITPOINT WARNING * * *
The orc priest hits you with a +0 whip.
* * * LOW HITPOINT WARNING * * *
Casting: Sandblast (safe; 3% risk of failure)
Confirm with . or Enter, or press ? or * to list all spells.
Aiming: Sandblast (safe; 3% risk of failure)
Press: ? - help, Shift-Dir - straight line, f/p - orc priest
Aim: an orc priest, wielding a +0 whip and wearing a +0 leather armour (21% to evade)
The blast of sand hits the orc priest!
The orc priest is heavily wounded.
b - 12 stones The orc priest barely misses you.
The orc hits you with a +0 flail.
You die...

.# # .######.# ###
......#.#.....#.. .
........#.....#.# ..
......# #.....#.# ...
......# #.....#.# h...
......###.....#.###.....
......).......#.o.†.....
.....#####.#....@oh.#.
#.....†....#.....o?.....
.......##..#.##......###
#......##..#'##.........
#......##..........#....
#......##......>...#....
#.#....##..........# ...
#.###.###..........# ..
# ..# ...#+#######


You could see an orc priest, an orc wizard, an orc and 2 jackals.

Vanquished Creatures
  An adder (D:2)
  A worm (D:2)
  5 bats
  2 giant cockroaches
  3 goblins
  4 hobgoblins
  A jackal (D:2)
  2 frilled lizards
  2 rats
21 creatures vanquished.

Notes
Turn   | Place    | Note
-------+----------+-------------------------------------------
     0 | D:1      | Zeld the Gargoyle Earth Elementalist began the quest for
                  | the Orb.
     0 | D:1      | Reached XP level 1. HP: 10/10 MP: 3/3
    12 | D:1      | You fall into a shaft and drop 1 floor!
    15 | D:2      | Reached XP level 2. HP: 16/16 MP: 1/5
    18 | D:2      | Learned a level 2 spell: Passwall
   153 | D:2      | Reached skill level 4 in Earth Magic
   416 | D:1      | Reached skill level 1 in Transmutations
   726 | D:1      | Reached XP level 3. HP: 20/20 MP: 4/6
   730 | D:1      | Learned a level 3 spell: Stone Arrow
  1104 | D:1      | You fall into a shaft and drop 1 floor!
  1339 | D:2      | HP: 1/20 [orc priest/+0 whip (5)]
  1340 | D:2      | Slain by an orc

Illustrated notes

Levels and vault maps discovered:
D:1:      dpeg_arrival_round_b, layout_basic, moated_statue
D:2:      layout_basic, lemuel_crystal_altar, uniq_terence,
          uniq_crazy_yiuf_cottage, uniq_robin

Skill      XL: |  1  2 |
---------------+-------+-----
Earth Magic    | 4 |  4.1
Transmutations | 1 |  1.0
Fighting       | |  0.5
Dodging        | |  1.7
Stealth        | |  2.6
Spellcasting   | |  2.3
Conjurations   | |  0.2

Action                   || total
-------------------------++-------
Melee: Unarmed           ||     4
 Cast: Sandblast         ||    41
Armor: Robe              ||     4
Dodge: Dodged            ||    15
